[Event "Titled Tuesday Blitz November 22 Early 2022"]
[White "Piesik, Piotr"]
[Black "Ozen, Bahadir"]
[WhiteFideId "1136194"]
[BlackFideId "6337058"]
[WhiteElo "2316"]
[BlackElo "2503"]
[Result "0-1"]
[Round "05"]
[TimeControl "180+1"]
[Date "2022.11.22"]
[WhiteClock "0:01:13"]
[BlackClock "0:01:01"]

1. Nf3 Nf6 2. g3 d6 3. Bg2 e5 4. O-O Be7 5. d4 Nbd7 6. dxe5 dxe5 7. Nbd2 c6 8. e4 O-O 9. a4 Qc7 10. b3 b5 11. Bb2 Bb7 12. Qe2 a6 13. Rfd1 Rfe8 14. Nf1 Bf8 15. N3d2 Nc5 16. Ne3 Rad8 17. Ng4 Nxg4 18. Qxg4 Bc8 19. Qe2 f6 20. Bc3 Qf7 21. Nf1 Ne6 22. axb5 axb5 23. Rxd8 Rxd8 24. Ne3 Nd4 25. Qf1 Be6 26. f3 Bc5 27. Kh1 Nxb3 28. cxb3 Bxe3 29. Ra6 Qb7 30. Qa1 Qxa6 31. Qxa6 Rd1+ 0-1


[Site "https://www.chess.com"]

[Event "Titled Tuesday Blitz November 22 Early 2022"]
[White "Pranav Anand"]
[Black "Ferreira, Vitor Hugo Vieira"]
[WhiteFideId "46626786"]
[BlackFideId "2119765"]
[WhiteElo "2402"]
[BlackElo "2168"]
[Result "0-1"]
[Round "05"]
[TimeControl "180+1"]
[Date "2022.11.23"]
[WhiteClock "0:01:14"]
[BlackClock "0:01:44"]

1. Nf3 Nf6 2. c4 c6 3. e3 d5 4. b3 e6 5. Bb2 Bd6 6. Be2 O-O 7. O-O Re8 8. d4 Nbd7 9. Nc3 a6 10. Qc2 Qe7 11. Rad1 dxc4 12. bxc4 e5 13. h3 e4 14. Nd2 Nf8 15. Na4 Bf5 16. Nb6 Rad8 17. d5 c5 18. Bc3 Bb8 19. g3 Bxh3 20. Rfe1 Ng4 21. Qb2 Nxe3 22. fxe3 Qg5 23. Nf1 Bxg3 0-1


[Site "https://www.chess.com"]

[Event "Titled Tuesday Blitz November 22 Early 2022"]
[White "Prithu Gupta"]
[Black "Osmak, Yuliia"]
[WhiteFideId "46618546"]
[BlackFideId "14101602"]
[WhiteElo "2344"]
[BlackElo "2328"]
[Result "0-1"]
[Round "05"]
[TimeControl "180+1"]
[Date "2022.11.23"]
[WhiteClock "0:00:07"]
[BlackClock "0:00:08"]

1. c4 e5 2. Nc3 Nf6 3. Nf3 e4 4. Ng5 c6 5. Ngxe4 Nxe4 6. Nxe4 d5 7. Nc3 d4 8. Nb1 c5 9. e3 Nc6 10. Be2 d3 11. Bf3 Nb4 12. Na3 Be7 13. O-O O-O 14. Nb5 Be6 15. b3 Bf6 16. Rb1 Nxa2 17. Bxb7 Rb8 18. Qf3 a6 19. Bxa6 Qb6 20. Ba3 Nb4 21. Bxb4 cxb4 22. Nd4 Qxa6 23. Ra1 Qb6 24. Qe4 Rbd8 25. Nxe6 Qxe6 26. Qxe6 fxe6 27. Ra4 Ra8 28. Rxb4 Ra2 29. Rd1 Rfa8 30. f4 Ra1 31. Rxa1 Rxa1+ 32. Kf2 Rd1 33. Rb8+ Kf7 34. Rb7+ Kg6 35. Rd7 Rxd2+ 36. Kf3 Rd1 37. c5 d2 38. c6 Rc1 39. Rxd2 Rxc6 40. Rd3 Rc3 41. Rxc3 Bxc3 42. e4 Kf6 43. e5+ Ke7 44. Ke4 h5 45. f5 Kf7 46. g3 Bd2 47. h3 exf5+ 48. Kxf5 g6+ 49. Ke4 Ke6 50. g4 hxg4 51. hxg4 g5 52. Kd4 Bf4 53. b4 Bxe5+ 54. Ke4 Bb8 55. b5 Bc7 56. Kd4 Bb6+ 57. Ke4 Ba7 0-1


[Site "https://www.chess.com"]

[Event "Titled Tuesday Blitz November 22 Early 2022"]
[White "Pultinevicius, Paulius"]
[Black "Deac, Bogdan-Daniel"]
[WhiteFideId "12809390"]
[BlackFideId "1226380"]
[WhiteElo "2493"]
[BlackElo "2648"]
[Result "0-1"]
[Round "05"]
[TimeControl "180+1"]
[Date "2022.11.22"]
[WhiteClock "0:00:07"]
[BlackClock "0:00:09"]

1. d4 Nf6 2. c4 e6 3. Nf3 d5 4. Nc3 Nbd7 5. Bg5 h6 6. Bh4 Be7 7. e3 O-O 8. Rc1 dxc4 9. Bxc4 a6 10. O-O b5 11. Bb3 Bb7 12. Qe2 c5 13. Rfd1 Qb6 14. Ne5 Rfe8 15. Nxd7 Nxd7 16. Bxe7 Rxe7 17. d5 c4 18. Bc2 Nf6 19. dxe6 Rxe6 20. Rd2 Rae8 21. Rcd1 b4 22. Nb1 Qc6 23. Qf1 a5 24. Rd4 Ba6 25. Qe1 Bb7 26. Qf1 Ba6 27. Qe1 g6 28. Nd2 Kg7 29. Nf3 Bb7 30. Qf1 Ba6 31. Qe1 Qc5 32. h3 Bb7 33. Qe2 Ba6 34. Rd8 c3 35. Qe1 cxb2 36. Bb3 Rxd8 37. Rxd8 Rd6 38. Rxd6 Qxd6 39. Qb1 Qc5 40. Qxb2 Bb5 41. Ne5 Be8 42. Qd4 Qxd4 43. exd4 Ne4 44. Bd5 Nc3 45. Bc4 a4 46. Nd3 b3 47. a3 Nb1 48. Nb2 Nxa3 49. Bd3 Nc2 50. Nc4 Nxd4 51. Na3 Bc6 52. f3 b2 53. Kf2 Nb5 54. Bxb5 Bxb5 55. Ke3 Bf1 56. Kd2 Bxg2 57. f4 Bxh3 58. Kc2 Bf5+ 59. Kxb2 h5 60. Kc3 h4 61. Kd2 h3 62. Ke3 h2 0-1


[Site "https://www.chess.com"]

[Event "Titled Tuesday Blitz November 22 Early 2022"]
[White "Ravot, Sylvain"]
[Black "Garv Gaur"]
[WhiteFideId "627763"]
[BlackFideId "45030839"]
[WhiteElo "2195"]
[BlackElo "1960"]
[Result "0-1"]
[Round "05"]
[TimeControl "180+1"]
[Date "2022.11.23"]
[WhiteClock "0:00:04"]
[BlackClock "0:01:49"]

1. e4 c6 2. d4 d5 3. exd5 cxd5 4. Bd3 Nc6 5. c3 Qc7 6. Ne2 Bg4 7. O-O e6 8. Qe1 Nf6 9. Bg5 Bh5 10. Nf4 Bg6 11. Nxg6 hxg6 12. g3 Bd6 13. Nd2 a6 14. a4 Ne7 15. f4 Nf5 16. Nf3 Ng4 17. Bxf5 gxf5 18. Kg2 Nf6 19. Bxf6 gxf6 20. Qe2 Kd7 21. Rae1 Rag8 22. Qf2 Bxf4 23. Ng1 Rxh2+ 24. Kxh2 Bxg3+ 0-1


[Site "https://www.chess.com"]

[Event "Titled Tuesday Blitz November 22 Early 2022"]
[White "Reprintsev, Alexander"]
[Black "Djokic, Mihailo"]
[WhiteFideId "14100541"]
[BlackFideId "976440"]
[WhiteElo "2230"]
[BlackElo "2315"]
[Result "0-1"]
[Round "05"]
[TimeControl "180+1"]
[Date "2022.11.23"]
[WhiteClock "0:00:13"]
[BlackClock "0:00:52"]

1. e4 c5 2. b3 Nc6 3. Bb2 Nf6 4. e5 Nd5 5. Nf3 d6 6. Bb5 dxe5 7. Nxe5 Qd6 8. Qf3 Be6 9. Nxc6 bxc6 10. Bc4 Nb4 11. Na3 Bd5 12. Qh3 e6 13. O-O Rd8 14. d3 Qf4 15. Qg3 Qxg3 16. hxg3 f6 17. Rfd1 Kf7 18. f3 e5 19. Kf2 h5 20. Ke2 Be6 21. Bxe6+ Kxe6 22. c3 Nd5 23. Nc4 h4 24. Rh1 g5 25. Ne3 Be7 26. Nxd5 cxd5 27. gxh4 gxh4 28. Rag1 Rdg8 29. Bc1 f5 30. Be3 f4 31. Bf2 Rh5 32. Rh2 Rgh8 33. c4 d4 34. Be1 Kf5 35. Kf2 h3 36. g3 fxg3+ 37. Rxg3 Bh4 38. Ke2 Bxg3 39. Bxg3 Rg8 40. Kf2 a5 41. a3 Rb8 42. b4 axb4 43. axb4 Rxb4 44. Rh1 Rb2+ 0-1


[Site "https://www.chess.com"]

[Event "Titled Tuesday Blitz November 22 Early 2022"]
[White "Rios Escobar, Adan"]
[Black "Principe, Gerson"]
[WhiteFideId "3403645"]
[BlackFideId "3804550"]
[WhiteElo "2361"]
[BlackElo "2280"]
[Result "0-1"]
[Round "05"]
[TimeControl "180+1"]
[Date "2022.11.23"]
[WhiteClock "0:00:03"]
[BlackClock "0:00:12"]

1. d4 Nf6 2. g3 d5 3. c4 c6 4. Nf3 Bg4 5. Ne5 Bf5 6. cxd5 Qxd5 7. f3 Bxb1 8. Rxb1 Qxa2 9. Bd2 Nbd7 10. e4 Nxe5 11. dxe5 Nd7 12. f4 Rd8 13. Qc2 Nb6 14. Bc3 e6 15. Be2 Qa4 16. b3 Qa3 17. Ra1 Qc5 18. Rxa7 Rd7 19. Qc1 Nc8 20. Ra8 Rd8 21. b4 Qb6 22. Kf1 Bxb4 23. Kg2 Bxc3 24. Qxc3 O-O 25. Rc1 Qd4 26. Rxc8 Qxc3 27. Rxc3 Rxc8 28. f5 Rfd8 29. Bc4 b5 30. Bb3 Re8 31. Kf3 c5 32. Kf4 c4 33. Bd1 g6 34. Rc1 b4 35. Be2 c3 36. Kg5 Rc7 37. Bd3 Rd8 38. Bc2 Rb8 39. Ba4 b3 40. fxe6 fxe6 41. Kf6 b2 42. Rd1 b1=Q 43. Rd6 Qf1+ 44. Kxe6 Qf7# 0-1


[Site "https://www.chess.com"]

[Event "Titled Tuesday Blitz November 22 Early 2022"]
[White "Ronka, Erik"]
[Black "Martin, Lewis"]
[WhiteFideId "505080"]
[BlackFideId "410551"]
[WhiteElo "2264"]
[BlackElo "2145"]
[Result "1-0"]
[Round "05"]
[TimeControl "180+1"]
[Date "2022.11.23"]
[WhiteClock "0:00:08"]
[BlackClock "0:00:02"]

1. e4 c5 2. Nf3 d6 3. d4 cxd4 4. Nxd4 Nf6 5. Nc3 a6 6. Rg1 e5 7. Nb3 Be6 8. g4 Be7 9. g5 Nfd7 10. Be3 Nc6 11. Nd5 Nc5 12. f3 O-O 13. Qd2 Rc8 14. O-O-O Bxd5 15. exd5 Nxb3+ 16. axb3 Na5 17. Kb1 b5 18. h4 Nb7 19. Bh3 Ra8 20. h5 f5 21. gxf6 Bxf6 22. Be6+ Kh8 23. Qd3 Nc5 24. Bxc5 dxc5 25. Bf5 h6 26. Qe2 Qd6 27. Bd3 Kg8 28. Qe4 Kf7 29. Rde1 Rfd8 30. Qg6+ Kf8 31. f4 Ra7 32. fxe5 Bxe5 33. Ref1+ Bf6 34. Qh7 Qxd5 35. Qh8+ Qg8 36. Qxg8+ Kxg8 37. Rxf6 c4 38. bxc4 bxc4 39. Bxc4+ Kh8 40. Rfg6 Rd4 41. Bd3 a5 42. b3 Rh4 43. Rb6 Rxh5 44. Rb8# 1-0


[Site "https://www.chess.com"]

[Event "Titled Tuesday Blitz November 22 Early 2022"]
[White "Roque Sola, Gisela"]
[Black "Vifleemskaia, Svetlana"]
[WhiteFideId "5120241"]
[BlackFideId "4129490"]
[WhiteElo "1961"]
[BlackElo "1929"]
[Result "1-0"]
[Round "05"]
[TimeControl "180+1"]
[Date "2022.11.23"]
[WhiteClock "0:00:17"]
[BlackClock "0:00:02"]

1. c4 c5 2. Nc3 Nf6 3. Nf3 d5 4. cxd5 Nxd5 5. Nxd5 Qxd5 6. g3 Nc6 7. Bg2 e5 8. d3 Be7 9. O-O O-O 10. Be3 Qd6 11. Rc1 b6 12. Nxe5 Qxe5 13. Bxc6 Bh3 14. Re1 Rac8 15. Bh1 Qxb2 16. Qa4 Rc7 17. Bf4 Rd7 18. Bc6 Rd4 19. Qxa7 Bd8 20. Be5 Qb4 21. Bxd4 Qxd4 22. Bh1 h5 23. Qb7 Qb2 24. Qd5 g6 25. Qb3 Qd4 26. e3 Qe5 27. Qc3 Qd6 28. d4 cxd4 29. Qxd4 Qa3 30. Qd2 Qe7 31. Rc2 Qg5 32. Rec1 Bf6 33. Qd5 Qg4 34. Qf3 Qe6 35. Rc6 1-0


[Site "https://www.chess.com"]

[Event "Titled Tuesday Blitz November 22 Early 2022"]
[White "Rose, Felix"]
[Black "Diaz Rosas, Julio Cesar"]
[WhiteFideId "5105722"]
[BlackFideId "5105099"]
[WhiteElo "2039"]
[BlackElo "2246"]
[Result "0-1"]
[Round "05"]
[TimeControl "180+1"]
[Date "2022.11.23"]
[WhiteClock "0:00:02"]
[BlackClock "0:00:29"]

1. e4 e6 2. d4 d5 3. Nc3 a6 4. Bd3 c5 5. exd5 exd5 6. Qe2+ Be6 7. Nf3 Nc6 8. dxc5 Bxc5 9. Ng5 Nd4 10. Qd1 Nf6 11. Nxe6 Nxe6 12. O-O O-O 13. Ne2 Re8 14. a3 Rc8 15. b4 Bd6 16. Bb2 Ng5 17. Ng3 Be5 18. Bxe5 Rxe5 19. f4 Re3 20. fxg5 Qb6 21. Kh1 Nd7 22. Qh5 g6 23. Qg4 Rd8 24. Qf4 Ne5 25. Rae1 Rxe1 26. Rxe1 Re8 27. Rf1 Qc7 28. h3 Qc3 29. Ne2 Qxa3 30. b5 a5 31. Nd4 Qe7 32. Nf3 Nd7 0-1


[Site "https://www.chess.com"]

[Event "Titled Tuesday Blitz November 22 Early 2022"]
[White "Rosenberg, Evan S"]
[Black "Stefanova, Antoaneta"]
[WhiteFideId "2019299"]
[BlackFideId "2902257"]
[WhiteElo "2343"]
[BlackElo "2426"]
[Result "1-0"]
[Round "05"]
[TimeControl "180+1"]
[Date "2022.11.23"]
[WhiteClock "0:00:06"]
[BlackClock "0:00:01"]

1. d4 g6 2. e4 Bg7 3. Nc3 d6 4. Nf3 a6 5. Bd3 b5 6. Be3 Bb7 7. Qd2 Nd7 8. h4 c5 9. h5 c4 10. Be2 Ngf6 11. h6 Bf8 12. e5 Nd5 13. Nxd5 Bxd5 14. Bg5 Qc7 15. c3 dxe5 16. dxe5 e6 17. O-O-O Be7 18. Bxe7 Kxe7 19. Qg5+ Ke8 20. Rhe1 Qd8 21. Qf4 Nc5 22. Ng5 Ra7 23. Bf3 Nd3+ 24. Rxd3 cxd3 25. Bxd5 Qxd5 26. Ne4 Qxa2 27. Nd6+ Kd8 28. Qf6+ Kc7 29. Qxf7+ Kb6 30. Qf4 Qa4 31. Qe3+ Kc6 32. Qxd3 Rd7 33. Re4 Qa1+ 34. Kc2 Rhd8 35. Rd4 Kb6 36. Qe3 Kc7 37. Qe4 Kb6 38. Qe3 Kc7 39. Rd1 Qa4+ 40. Kc1 Qa5 41. Qc5+ Kb8 42. Qc6 Qc7 43. Qxa6 b4 44. Qb5+ Ka7 45. Qxb4 Qb6 46. Qa4+ Kb8 47. Kc2 Ra7 48. Qc4 Qxf2+ 49. Rd2 1-0


[Site "https://www.chess.com"]

[Event "Titled Tuesday Blitz November 22 Early 2022"]
[White "Rottenwohrer Suarez, Juan"]
[Black "Kuchava, Ana"]
[WhiteFideId "32068182"]
[BlackFideId "13605348"]
[WhiteElo "2195"]
[BlackElo "2001"]
[Result "1-0"]
[Round "05"]
[TimeControl "180+1"]
[Date "2022.11.23"]
[WhiteClock "0:00:38"]
[BlackClock "0:00:02"]

1. c4 e6 2. d4 d5 3. Nc3 Be7 4. cxd5 e5 5. dxe5 f6 6. e6 c6 7. e4 a6 8. Bd3 b5 9. Nf3 b4 10. Na4 cxd5 11. exd5 Bb7 12. Bc4 f5 13. Ne5 Nf6 14. Nf7 Qa5 15. O-O O-O 16. d6 Bxd6 17. Nxd6 Bc6 18. e7+ Nd5 19. exf8=R+ Kxf8 20. Bxd5 Bxd5 21. Nb6 Qxb6 22. Qxd5 Ra7 23. Be3 1-0


[Site "https://www.chess.com"]

[Event "Titled Tuesday Blitz November 22 Early 2022"]
[White "Sadhwani, Raunak"]
[Black "Matveeva, Olga"]
[WhiteFideId "35093487"]
[BlackFideId "24107018"]
[WhiteElo "2656"]
[BlackElo "2055"]
[Result "1-0"]
[Round "05"]
[TimeControl "180+1"]
[Date "2022.11.23"]
[WhiteClock "0:00:18"]
[BlackClock "0:00:04"]

1. d4 Nf6 2. Nf3 e6 3. c3 d5 4. Bf4 c5 5. e3 Bd6 6. Nbd2 O-O 7. Bd3 Nc6 8. Bg3 b6 9. e4 dxe4 10. Nxe4 Nxe4 11. Bxe4 Bb7 12. dxc5 Bxc5 13. Qa4 Rc8 14. Rd1 Qf6 15. Bh4 Qh6 16. Bg5 Qh5 17. g4 Qh3 18. Ng1 b5 19. Nxh3 bxa4 20. O-O h6 21. Bf4 Rfd8 22. g5 h5 23. Bg3 e5 24. g6 f6 25. Kg2 Kf8 26. f4 exf4 27. Nxf4 Re8 28. Bd5 Na5 29. Bxb7 Nxb7 30. Rd7 Nd6 31. Nxh5 Re7 32. Rxe7 Kxe7 33. Nxg7 Ne4 34. Re1 f5 35. Nxf5+ Kf6 36. Rxe4 Kxf5 37. Rc4 Kxg6 38. Bf2 Rb8 39. Rxc5 Rxb2 40. Ra5 Rxa2 41. Rxa7 Rc2 42. Rxa4 Rxc3 43. Re4 Rb3 44. Re2 Kh5 45. Bg3 Ra3 46. Kh3 Rb3 47. Re5+ Kg6 48. Kg4 Rb4+ 49. Bf4 Ra4 50. h4 Rb4 51. h5+ Kh7 52. Re7+ Kg8 53. Kf5 1-0


[Site "https://www.chess.com"]

[Event "Titled Tuesday Blitz November 22 Early 2022"]
[White "Sadubayev, Airat"]
[Black "Savic, Miroslav"]
[WhiteFideId "13713264"]
[BlackFideId "14508494"]
[WhiteElo "2160"]
[BlackElo "2209"]
[Result "0-1"]
[Round "05"]
[TimeControl "180+1"]
[Date "2022.11.23"]
[WhiteClock "0:00:01"]
[BlackClock "0:00:31"]

1. d4 Nf6 2. c4 e6 3. Nf3 Bb4+ 4. Bd2 a5 5. g3 b6 6. Bg2 Bb7 7. O-O Bxd2 8. Qxd2 O-O 9. Nc3 Ne4 10. Nxe4 Bxe4 11. d5 Bxf3 12. Bxf3 e5 13. d6 c6 14. Qc3 Qf6 15. Rad1 Na6 16. a3 a4 17. Bg4 Nc5 18. Qc2 g6 19. Bh3 Qg7 20. Qc3 f5 21. Qd2 Rae8 22. Qb4 Rb8 23. Rd2 Ne4 24. Rdd1 b5 25. Bg2 Nf6 26. cxb5 Rxb5 27. Qxa4 Rxb2 28. Qa7 e4 29. e3 Rfb8 30. Qd4 Nd5 31. Qc4 Qc3 32. Qxc3 Nxc3 33. Ra1 Ra8 34. h4 h5 35. Kh2 Kf7 36. Rfc1 Nd5 37. Rf1 Ke6 38. a4 Kxd6 39. a5 Rb5 0-1


[Site "https://www.chess.com"]

[Event "Titled Tuesday Blitz November 22 Early 2022"]
[White "Salinas Herrera, Pablo"]
[Black "Goncalves, Davi Sulzbacher"]
[WhiteFideId "3407128"]
[BlackFideId "2154510"]
[WhiteElo "2557"]
[BlackElo "2182"]
[Result "1-0"]
[Round "05"]
[TimeControl "180+1"]
[Date "2022.11.23"]
[WhiteClock "0:00:54"]
[BlackClock "0:00:06"]

1. d4 Nf6 2. Nf3 e6 3. Bf4 Bd6 4. e3 Bxf4 5. exf4 b6 6. Bd3 Bb7 7. O-O c5 8. c3 Qc7 9. g3 h5 10. Re1 h4 11. Bf1 Nc6 12. Bg2 h3 13. Bh1 cxd4 14. cxd4 Ng4 15. Nc3 Nb4 16. Rc1 Qc4 17. d5 Nd3 18. Re4 Qa6 19. Rc2 Rc8 20. Ra4 Qxa4 21. Nxa4 Rxc2 22. Qxc2 Ngxf2 23. Qc7 Ba6 24. Qb8+ 1-0


[Site "https://www.chess.com"]

[Event "Titled Tuesday Blitz November 22 Early 2022"]
[White "Samunenkov, Ihor"]
[Black "Balabayeva, Xeniya"]
[WhiteFideId "14187086"]
[BlackFideId "13719688"]
[WhiteElo "2441"]
[BlackElo "2041"]
[Result "0-1"]
[Round "05"]
[TimeControl "180+1"]
[Date "2022.11.23"]
[WhiteClock "0:00:06"]
[BlackClock "0:00:06"]

1. d4 d5 2. c4 e6 3. Nc3 Nf6 4. cxd5 exd5 5. Bg5 Be7 6. e3 c6 7. Bd3 Nbd7 8. Nge2 Nh5 9. Bxe7 Qxe7 10. Qc2 Nb6 11. O-O g6 12. Rae1 O-O 13. Qc1 Be6 14. f3 Rae8 15. g4 Ng7 16. Nf4 f5 17. h3 Qg5 18. Kh2 Qh4 19. Kg2 Qg5 20. Rh1 fxg4 21. hxg4 Bxg4 22. fxg4 Qxg4+ 23. Kf2 Ne6 24. Ne2 Ng5 25. Reg1 Qf3+ 26. Ke1 Rxe3 27. Rxg5 Qxf4 28. Rhg1 Rfe8 29. Kd2 Rxe2+ 30. Kc3 Qxc1+ 31. Rxc1 R2e6 32. Rh1 Kg7 33. Rg3 h6 34. Rhg1 g5 35. Rf1 Nd7 36. Rgf3 Rf6 37. Bf5 Ref8 38. Kd3 Nb6 39. b3 R8f7 40. Ke3 Na8 41. Kd3 Nc7 42. Ke3 Nb5 43. Kd3 Nd6 44. Bg4 Rxf3+ 45. Bxf3 g4 46. Be2 Rxf1 47. Bxf1 Kf6 48. Ke3 Kf5 49. Bd3+ Kg5 0-1


[Site "https://www.chess.com"]

[Event "Titled Tuesday Blitz November 22 Early 2022"]
[White "Sanchez, Robert"]
[Black "Kouskoutis, Georgios-Alexandros"]
[WhiteFideId "2034360"]
[BlackFideId "4234049"]
[WhiteElo "2296"]
[BlackElo "2187"]
[Result "0-1"]
[Round "05"]
[TimeControl "180+1"]
[Date "2022.11.23"]
[WhiteClock "0:00:22"]
[BlackClock "0:00:09"]

1. e4 c5 2. Nf3 d6 3. d4 cxd4 4. Nxd4 Nf6 5. Nc3 g6 6. Be3 Bg7 7. f3 a6 8. Qd2 h5 9. O-O-O b5 10. Kb1 Bb7 11. e5 dxe5 12. Ne6 Qxd2 13. Nxg7+ Kf8 14. Ne6+ fxe6 15. Rxd2 Nc6 16. Ne4 Nxe4 17. fxe4 Rd8 18. Rxd8+ Nxd8 19. Bd3 Nf7 20. Rf1 Kg7 21. Bc5 Nd6 22. a3 Rf8 23. Re1 Rf4 24. g3 Rf7 25. Ka2 h4 26. gxh4 Rf4 27. Kb3 Bxe4 28. Bxd6 Bd5+ 29. Kc3 exd6 30. b3 Rxh4 31. Re2 e4 32. Bxb5 axb5 33. Kb4 Bc6 34. c4 bxc4 35. bxc4 d5 36. Kc5 Ba8 37. Rb2 dxc4 38. Kxc4 e3+ 39. Kd3 Ra4 40. Rb3 Bd5 41. Rc3 Rc4 42. Rxc4 Bxc4+ 43. Kxe3 e5 44. Ke4 Kf6 45. h4 Ke6 46. a4 Ba6 47. a5 Bb5 48. Ke3 Kd5 0-1


[Site "https://www.chess.com"]

[Event "Titled Tuesday Blitz November 22 Early 2022"]
[White "Saravana, Krishnan P."]
[Black "Zaichenko, Daria"]
[WhiteFideId "5018382"]
[BlackFideId "4197453"]
[WhiteElo "2155"]
[BlackElo "2039"]
[Result "1-0"]
[Round "05"]
[TimeControl "180+1"]
[Date "2022.11.23"]
[WhiteClock "0:00:19"]
[BlackClock "0:00:05"]

1. d4 d5 2. c4 e6 3. Nf3 Nf6 4. Nc3 Be7 5. Bg5 O-O 6. e3 Ne4 7. Bxe7 Qxe7 8. Bd3 f5 9. O-O c6 10. Rc1 Nd7 11. a3 Ndf6 12. Ne5 Nxc3 13. Rxc3 Ne4 14. Bxe4 dxe4 15. f3 exf3 16. Qxf3 Bd7 17. Qg3 Be8 18. c5 Bh5 19. Qe1 Rad8 20. b4 f4 21. Rc1 Qg5 22. h4 Qh6 23. Rc3 fxe3 24. Rxf8+ Kxf8 25. g4 Bxg4 26. Nxg4 Qg6 27. Qf1+ Ke7 28. Qg2 Rxd4 29. Nxe3 Qb1+ 30. Nf1 g6 31. Rf3 Qc1 32. Qg3 h5 33. Qc7+ Rd7 34. Qe5 Qh6 35. Qf6+ Ke8 36. Qxe6+ Kd8 37. Qf6+ Kc8 38. Qf8+ Qxf8 39. Rxf8+ Kc7 40. Rg8 Rd4 41. Rg7+ Kc8 42. Rxg6 Rxh4 43. Ng3 Rh3 44. a4 h4 45. Nf5 Rb3 46. Nd6+ Kd7 47. b5 cxb5 48. axb5 Rc3 49. Nxb7 Kc7 50. Rg7+ Kb8 51. c6 Rb3 52. Nd6 Rd3 53. c7+ Ka8 54. Rg8# 1-0


[Site "https://www.chess.com"]

[Event "Titled Tuesday Blitz November 22 Early 2022"]
[White "Shaik Sumer Arsh"]
[Black "Sargissyan, Sargis"]
[WhiteFideId "45020000"]
[BlackFideId "13303210"]
[WhiteElo "2190"]
[BlackElo "2109"]
[Result "1-0"]
[Round "05"]
[TimeControl "180+1"]
[Date "2022.11.23"]
[WhiteClock "0:00:17"]
[BlackClock "0:00:01"]

1. d4 Nf6 2. c4 g6 3. Nc3 Bg7 4. e4 d6 5. Be2 O-O 6. Be3 Na6 7. Nf3 e5 8. O-O Ng4 9. Bg5 f6 10. Bc1 h5 11. h3 Nh6 12. Be3 Nf7 13. Qd2 Kh7 14. Rad1 Be6 15. c5 dxc5 16. d5 Bd7 17. Bxa6 bxa6 18. Bxc5 Nd6 19. Rfe1 Bh6 20. Qd3 Bb5 21. Nxb5 axb5 22. Bxd6 cxd6 23. Qxb5 Rb8 24. Qe2 Qb6 25. b3 Rfc8 26. Nd2 Bxd2 27. Rxd2 Rc3 28. Rc2 Rbc8 29. Rec1 Qd4 30. Rxc3 Rxc3 31. Rxc3 Qxc3 32. Kh2 Qd4 33. g3 g5 34. Kg2 Kg7 35. Qc4 Qb2 36. a4 Qb1 37. Qc7+ Kg6 38. Qc4 a5 39. Qc3 Kh6 40. Qf3 Kg7 41. Qf5 1-0


[Site "https://www.chess.com"]

[Event "Titled Tuesday Blitz November 22 Early 2022"]
[White "Shapiro, Daniel"]
[Black "Salman, Pavel"]
[WhiteFideId "2001780"]
[BlackFideId "24153753"]
[WhiteElo "2333"]
[BlackElo "2187"]
[Result "0-1"]
[Round "05"]
[TimeControl "180+1"]
[Date "2022.11.23"]
[WhiteClock "0:00:06"]
[BlackClock "0:00:35"]

1. d4 Nf6 2. c4 c5 3. d5 b5 4. cxb5 a6 5. e3 axb5 6. Bxb5 Qa5+ 7. Nc3 Bb7 8. Ne2 Nxd5 9. O-O e6 10. a4 Be7 11. e4 Nc7 12. Bc4 O-O 13. Bf4 Rd8 14. Bd6 Bxd6 15. Qxd6 Ne8 16. Qg3 d5 17. exd5 exd5 18. Bb5 Nf6 19. Rfd1 d4 20. Nb1 Nc6 21. Nd2 Nb4 22. Nc4 Qa7 23. Qc7 Nfd5 24. Qg3 d3 25. Nf4 Nxf4 26. Qxf4 Nc2 27. Rac1 Nd4 28. Qg4 Ne2+ 29. Kf1 h5 30. Qg5 Nxc1 31. Rxc1 Ba6 32. Qxh5 Qb7 33. Na3 Bxb5 34. axb5 d2 35. Rd1 Qe4 36. Qe2 Qb4 37. Nc4 Qxb5 38. Rxd2 Ra1+ 0-1


[Site "https://www.chess.com"]

[Event "Titled Tuesday Blitz November 22 Early 2022"]
[White "Sharifov, Mekhriddin"]
[Black "Kravtsiv, Martyn"]
[WhiteFideId "14701545"]
[BlackFideId "14113147"]
[WhiteElo "2109"]
[BlackElo "2694"]
[Result "0-1"]
[Round "05"]
[TimeControl "180+1"]
[Date "2022.11.23"]
[WhiteClock "0:00:03"]
[BlackClock "0:00:26"]

1. e4 e5 2. Nf3 Nc6 3. Bb5 a6 4. Ba4 Nf6 5. O-O Be7 6. Re1 b5 7. Bb3 O-O 8. h3 Bb7 9. d3 Na5 10. Bg5 d6 11. Nbd2 h6 12. Bxf6 Bxf6 13. Nf1 g6 14. Ne3 Bg7 15. c3 Nxb3 16. axb3 Qd7 17. Qd2 Kh7 18. c4 f5 19. Nd5 bxc4 20. bxc4 Rab8 21. Ra5 Rf7 22. Rea1 Rbf8 23. R5a3 g5 24. Qb4 Bc8 25. exf5 Qxf5 26. Qe1 Qg6 27. Nh2 e4 28. dxe4 Rxf2 29. Rf3 R8xf3 30. Nxf3 Rxb2 31. Rd1 g4 32. Nh4 Qg5 33. hxg4 Bxg4 34. Rd3 Re2 35. Qf1 Qxh4 36. Qf7 Re1+ 0-1


[Site "https://www.chess.com"]

[Event "Titled Tuesday Blitz November 22 Early 2022"]
[White "Shimanov, Aleksandr"]
[Black "Artemenko, Oleg"]
[WhiteFideId "4198603"]
[BlackFideId "14201798"]
[WhiteElo "2605"]
[BlackElo "2287"]
[Result "1-0"]
[Round "05"]
[TimeControl "180+1"]
[Date "2022.11.22"]
[WhiteClock "0:01:51"]
[BlackClock "0:00:05"]

1. e4 e6 2. d4 d5 3. Nc3 Nf6 4. Bg5 Be7 5. e5 Nfd7 6. Bxe7 Qxe7 7. f4 a6 8. Nf3 c5 9. Ne2 Nc6 10. c3 b5 11. Ng3 Bb7 12. a3 b4 13. axb4 cxb4 14. Bd3 a5 15. f5 Ba6 16. O-O Nb6 17. Nh5 g6 18. Nf6+ Kd8 19. fxe6 fxe6 20. Ng5 Bxd3 21. Qxd3 Kc7 22. Nxd5+ Nxd5 23. Rf7 Qxf7 24. Nxf7 Rhf8 25. Ng5 Kd7 26. c4 Nf4 27. Qe4 Kc7 28. d5 exd5 29. cxd5 Na7 30. Rc1+ Kb6 31. Qe3+ Ka6 32. Ne4 Nxd5 33. Nc5+ Kb6 34. Nd7+ Kb7 35. Qe4 1-0


[Site "https://www.chess.com"]

[Event "Titled Tuesday Blitz November 22 Early 2022"]
[White "Simonovic, Miroslav"]
[Black "Kvaloy, Aksel Bu"]
[WhiteFideId "919152"]
[BlackFideId "1528815"]
[WhiteElo "2043"]
[BlackElo "2184"]
[Result "0-1"]
[Round "05"]
[TimeControl "180+1"]
[Date "2022.11.23"]
[WhiteClock "0:00:14"]
[BlackClock "0:01:55"]

1. d4 a6 2. Bg5 h6 3. Bh4 b5 4. e3 Bb7 5. Nf3 d6 6. c4 bxc4 7. Bxc4 Nd7 8. Nc3 g5 9. Bxg5 hxg5 10. Nxg5 e6 11. Qb3 Rb8 12. Bxe6 Qxg5 13. Bxd7+ Kxd7 14. Ne4 Qxg2 15. Qxf7+ Be7 16. Ng3 Rf8 17. Qxf8 Bxf8 18. O-O-O Rxh2 19. Rhf1 Bh6 20. Kb1 Bxe3 21. Nf5 Bxf2 0-1


[Site "https://www.chess.com"]

[Event "Titled Tuesday Blitz November 22 Early 2022"]
[White "Sreyas Payyappat"]
[Black "Agasarov, Benik"]
[WhiteFideId "46674969"]
[BlackFideId "13314823"]
[WhiteElo "2083"]
[BlackElo "2178"]
[Result "0-1"]
[Round "05"]
[TimeControl "180+1"]
[Date "2022.11.23"]
[WhiteClock "0:00:24"]
[BlackClock "0:00:25"]

1. e4 c5 2. Nf3 d6 3. d4 cxd4 4. Nxd4 Nf6 5. Nc3 Bd7 6. Bg5 e6 7. Bxf6 Qxf6 8. Qd2 a6 9. O-O-O Nc6 10. Nxc6 Bxc6 11. f4 Be7 12. Bd3 b5 13. g4 g5 14. f5 Qe5 15. Rhf1 b4 16. Ne2 a5 17. Ng3 Bf6 18. c3 bxc3 19. Qxc3 Qxc3+ 20. bxc3 Bxc3 21. fxe6 fxe6 22. Bc4 Ke7 23. Rd3 Be5 24. Rdf3 Bf4+ 25. Kc2 Rac8 26. Kd3 Bb7 27. Rb1 Rc7 28. Nh5 Bxe4+ 29. Kxe4 Rxc4+ 30. Kd3 Rhc8 31. Rb7+ Kd8 32. Nxf4 gxf4 33. Ke2 Rc2+ 34. Kf1 Rxh2 35. Kg1 Rxa2 36. Rb1 e5 37. Rh3 Rc7 38. Rb8+ Kd7 39. Rxh7+ Kc6 40. Rh3 Kd5 41. Rb1 Rcc2 42. Rd1+ Rd2 43. Rxd2+ Rxd2 44. g5 Ke6 45. Rh6+ Kf5 46. g6 Rd3 47. g7 Rg3+ 48. Kf2 Rxg7 49. Rxd6 Ra7 50. Rd3 a4 51. Ra3 e4 52. Ke2 Kg4 53. Kf2 e3+ 54. Ke2 Kg3 55. Kd3 Kf3 56. Kc2 Kf2 57. Kd3 e2 58. Ra2 f3 59. Ke4 Re7+ 60. Kf4 Kg2 61. Kg4 f2 62. Ra3 f1=Q 63. Rg3+ Kh2 64. Kh4 Rh7+ 65. Kg5 Kxg3 0-1


[Site "https://www.chess.com"]